Map: Abyssal Reef LE

Players

FeaR

  • Race: Protoss Protoss
  • Spawn Location: 11:00

TLO - Winner!

  • Race: Zerg Zerg
  • Spawn Location: 5:00

Event: WCS Austin 2017

VOD

Have the link to the VOD?

Description

Time

  • Played on: April 28, 2017, 4:55 p.m.
  • Length: 9:54

All games in this series

Show
View Real Time Build Order
Export as new Build Order

FeaR Protoss 

Build Orders: Nexus First, Oracle Opening, Mass Adepts 

Get SALT Encoding   

  12  0:00  Probe (Chrono Boost)  
  13  0:11  Probe (Chrono Boost)  
  14  0:19  Pylon  
  14  0:22  Probe (Chrono Boost)  
  15  0:37  Probe (Chrono Boost)  
  16  0:47  Probe (Chrono Boost)  
  17  1:00  Nexus  
  17  1:10  Gateway  
  17  1:14  Probe (Chrono Boost)  
  18  1:19  Assimilator  
  18  1:25  Probe (Chrono Boost)  
  19  1:27  Assimilator  
  19  1:35  Probe (Chrono Boost)  
  20  1:46  Probe (Chrono Boost)  
  21  1:56  Probe (Chrono Boost)  
  21  1:57  Cybernetics Core  
  22  2:03  Pylon  
  22  2:07  Probe (Chrono Boost)  
  23  2:12  Probe (Chrono Boost)  
  24  2:17  Probe (Chrono Boost)  
  26  2:23  Probe (Chrono Boost)  
  26  2:25  Warp Gate  
  26  2:28  Probe (Chrono Boost)  
  27  2:31  Adept  
  27  2:34  Probe (Chrono Boost)  
  30  2:38  Probe (Chrono Boost)  
  30  2:46  Probe (Chrono Boost), Stargate  
  30  2:49  Probe (Chrono Boost)  
  32  2:54  Adept  
  35  2:59  Probe (Chrono Boost)  
  35  3:00  Probe (Chrono Boost)  
  36  3:09  Gateway  
  36  3:11  Probe (Chrono Boost)  
  38  3:13  Probe (Chrono Boost)  
  38  3:19  Adept  
  36  3:23  Probe (Chrono Boost)  
  36  3:25  Probe (Chrono Boost)  
  36  3:26  Oracle  
  40  3:29  Pylon  
  44  3:34  Gateway  
  44  3:35  Probe (Chrono Boost)  
  44  3:40  Probe (Chrono Boost)  
  45  3:46  Twilight Council  
  45  3:47  Probe (Chrono Boost)  
  45  3:48  Adept  
  48  3:52  Probe (Chrono Boost)  
  49  3:56  Assimilator  
  49  3:59  Probe (Chrono Boost)  
  49  4:00  Phoenix  
  53  4:04  Probe (Chrono Boost)  
  53  4:07  Pylon  
  53  4:08  Pylon  
  53  4:12  Probe (Chrono Boost)  
  54  4:18  Resonating Glaives  
  54  4:25  Probe x2 (Chrono Boost)  
  54  4:28  Adept x2  
  60  4:32  Adept  
  60  4:36  Probe (Chrono Boost)  
  63  4:38  Probe (Chrono Boost)  
  64  4:46  Nexus  
  64  4:48  Pylon  
  64  4:55  Adept x3  
  70  5:00  Pylon  
  70  5:06  Probe (Chrono Boost)  
  72  5:08  Probe (Chrono Boost)  
  72  5:13  Robotics Facility  
  72  5:17  Probe (Chrono Boost)  
  72  5:18  Assimilator  
  72  5:20  Adept x3  
  80  5:33  Forge  
  80  5:34  Probe (Chrono Boost)  
  82  5:41  Adept x2  
  86  5:47  Adept  
  86  5:56  Pylon  
  86  5:57  Probe (Chrono Boost)  
  86  5:58  Pylon  
  86  5:59  Probe x2 (Chrono Boost)  
  86  6:01  Warp Prism  
  86  6:03  Adept  
  86  6:04  Adept  
  95  6:08  Probe (Chrono Boost)  
  95  6:09  Probe (Chrono Boost)  
  98  6:11  Probe (Chrono Boost)  
  86  6:18  Probe (Chrono Boost)  
  86  6:20  Probe (Chrono Boost)  
  86  6:23  Probe (Chrono Boost)  
  81  6:25  Protoss Ground Weapons Level 1  
  81  6:29  Probe (Chrono Boost)  
  81  6:30  Probe (Chrono Boost)  
  81  6:32  Immortal  
  77  6:33  Assimilator  
  77  6:35  Probe (Chrono Boost)  
  77  6:36  Sentry x3  
  77  6:37  Assimilator  
  77  6:39  Gateway  
  87  6:41  Probe (Chrono Boost), Gateway  
  87  6:46  Pylon  
  90  6:47  Mothership Core (Chrono Boost), Probe (Chrono Boost)  
  90  6:53  Probe (Chrono Boost)  
  91  6:59  Probe (Chrono Boost)  
  91  7:00  Adept x3  
  95  7:05  Photon Cannon  
  95  7:06  Immortal, Photon Cannon  
  95  7:13  Photon Cannon  
  99  7:15  Photon Cannon  
  99  7:17  Pylon  
  99  7:26  Adept x3  
  99  7:28  Photon Cannon  
  105  7:32  Mothership Core (Chrono Boost)  
  101  7:44  Adept  
  101  7:45  Adept  
  101  7:47  Adept x3  
  101  7:49  Immortal  
  97  8:04  Probe x2 (Chrono Boost)  
  79  8:06  Adept x2  
  79  8:08  Mothership Core (Chrono Boost)  
  79  8:11  Adept x3  
  84  8:16  Probe (Chrono Boost)  
  84  8:18  Probe (Chrono Boost), Pylon  
  82  8:24  Immortal  
  82  8:26  Adept x2  
  78  8:29  Probe (Chrono Boost)  
  78  8:30  Probe (Chrono Boost)  
  78  8:31  Probe (Chrono Boost)  
  78  8:34  Adept x2  
  78  8:35  Adept  
  78  8:41  Probe (Chrono Boost)  
  83  8:46  Probe (Chrono Boost)  
  77  8:49  Probe (Chrono Boost)  
  77  8:51  Templar Archives  
  77  8:53  Probe (Chrono Boost)  
  77  8:55  Sentry x2  
  83  8:56  Adept x3  
  83  8:58  Immortal  
  83  9:00  Pylon  
  83  9:01  Mothership Core (Chrono Boost)  
  91  9:18  Adept x2  
  91  9:19  Adept x2  
  91  9:21  Adept  
  62  9:35  Probe x2 (Chrono Boost)  
  46  9:42  Adept x3  
Show
View Real Time Build Order
Export as new Build Order

TLO Zerg - Winner!

Build Orders: Hatch First 

Get SALT Encoding   

  12  0:01  Drone  
  13  0:13  Overlord  
  13  0:17  Drone  
  14  0:31  Drone x2  
  16  0:46  Drone  
  17  0:52  Hatchery  
  17  0:55  Drone  
  17  1:09  Spawning Pool  
  16  1:12  Drone  
  16  1:16  Drone  
  16  1:18  Extractor  
  17  1:21  Drone  
  18  1:28  Drone  
  19  1:39  Overlord  
  19  1:56  Queen, Zergling x2  
  23  2:01  Zergling x2  
  23  2:04  Queen, Zergling x2  
  26  2:13  Drone  
  27  2:16  Drone  
  28  2:23  Drone  
  29  2:32  Hatchery  
  29  2:33  Drone  
  29  2:35  Drone  
  30  2:39  Drone  
  30  2:43  Drone  
  32  2:49  Queen  
  34  2:54  Metabolic Boost  
  34  2:58  Overlord  
  34  3:01  Drone  
  35  3:06  Drone  
  36  3:16  Overlord  
  36  3:17  Drone  
  36  3:20  Overlord  
  36  3:23  Drone x2  
  36  3:24  Drone  
  39  3:27  Queen  
  39  3:29  Drone  
  39  3:34  Overlord  
  42  3:36  Drone x2  
  42  3:40  Drone  
  45  3:46  Drone, Spore Crawler  
  45  3:47  Spore Crawler  
  44  3:50  Drone x2  
  44  3:53  Drone  
  44  3:54  Drone x2  
  49  3:58  Drone, Spore Crawler  
  49  4:01  Drone  
  51  4:02  Drone  
  51  4:04  Drone  
  51  4:05  Drone  
  51  4:08  Drone  
  51  4:09  Drone  
  55  4:13  Drone  
  55  4:16  Drone x3  
  59  4:17  Drone  
  59  4:21  Drone x3  
  59  4:23  Drone  
  64  4:25  Zergling x2  
  65  4:37  Extractor  
  65  4:38  Lair, Extractor x2  
  62  4:39  Drone  
  62  4:41  Drone x5  
  62  4:44  Zergling x2  
  70  4:45  Zergling x2  
  70  4:46  Overlord  
  70  4:47  Zergling x2  
  70  4:50  Zergling x4  
  70  4:51  Zergling x2  
  74  4:53  Overlord  
  74  4:58  Overlord, Baneling Nest  
  74  4:59  Zergling x2  
  74  5:04  Overlord  
  74  5:06  Overlord, Extractor  
  72  5:08  Overlord  
  72  5:09  Overlord  
  72  5:15  Zergling x4  
  72  5:17  Drone  
  72  5:18  Drone x2  
  72  5:19  Drone, Zergling x2  
  80  5:21  Zergling x2  
  80  5:22  Zergling x4  
  80  5:25  Zergling x2  
  83  5:29  Drone x2, Spine Crawler  
  83  5:30  Zergling x2  
  85  5:38  Evolution Chamber  
  85  5:41  Hydralisk Den  
  83  5:45  Baneling x4  
  83  5:48  Drone  
  84  5:51  Drone x2  
  84  5:53  Overlord  
  84  5:54  Extractor  
  84  5:55  Drone  
  86  5:57  Zergling x2, Baneling  
  86  6:00  Baneling  
  86  6:01  Baneling x2  
  86  6:02  Zergling x2  
  86  6:13  Zergling x2  
  86  6:14  Zergling x4  
  86  6:16  Hydralisk  
  86  6:17  Hydralisk  
  86  6:18  Hydralisk x6  
  84  6:23  Zergling x2  
  84  6:24  Hydralisk x2  
  97  6:27  Hydralisk  
  97  6:29  Drone  
  96  6:33  Muscular Augments  
  96  6:34  Drone  
  96  6:36  Hydralisk  
  96  6:38  Drone  
  99  6:41  Drone x2  
  99  6:42  Drone  
  102  6:47  Centrifical Hooks  
  102  6:48  Hydralisk  
  102  6:50  Zergling x2  
  102  6:52  Zergling x2  
  106  6:55  Hydralisk  
  106  6:57  Baneling x3  
  106  6:59  Drone x2  
  110  7:01  Drone  
  110  7:05  Baneling x4  
  110  7:07  Hydralisk  
  113  7:09  Zergling x6  
  113  7:10  Zergling x2  
  113  7:15  Zergling x2  
  118  7:16  Baneling x6  
  118  7:18  Zergling x2  
  118  7:22  Zergling x2  
  119  7:26  Zergling x2  
  117  7:30  Zergling x4  
  117  7:32  Baneling  
  117  7:35  Zergling x2  
  117  7:37  Hydralisk  
  119  7:42  Hydralisk  
  119  7:43  Hydralisk  
  119  7:44  Zergling x2  
  119  7:45  Zergling x2  
  119  7:46  Zergling x2  
  119  7:48  Zergling x4  
  119  7:49  Zergling x4  
  121  7:51  Zergling x2  
  121  7:54  Hydralisk  
  118  7:59  Zergling x2  
  118  8:02  Hydralisk  
  118  8:04  Hydralisk x3  
  114  8:08  Hydralisk x2  
  114  8:09  Zergling x2, Hydralisk  
  115  8:14  Drone, Hydralisk  
  115  8:15  Spire  
  115  8:16  Hydralisk  
  113  8:21  Hydralisk  
  113  8:22  Hydralisk  
  113  8:26  Hydralisk  
  114  8:28  Hydralisk  
  114  8:31  Zergling x2  
  116  8:35  Zergling x2  
  116  8:37  Zergling x6  
  116  8:38  Zergling x2  
  116  8:40  Zergling x4  
  121  8:43  Zergling x2  
  121  8:45  Hatchery  
  112  8:51  Zergling x10  
  112  8:54  Zergling x2  
  118  8:59  Zergling x2  
  119  9:05  Drone x2  
  119  9:07  Zergling x2  
  119  9:08  Zergling x2  
  119  9:09  Overlord  
  123  9:12  Overlord  
  123  9:14  Hydralisk x2  
  123  9:15  Hydralisk  
  123  9:16  Zergling x4  
  125  9:18  Zergling x2  
  125  9:20  Extractor  
  125  9:21  Extractor  
  125  9:22  Zergling x2  
  125  9:24  Drone  
  111  9:26  Zergling x2  
  100  9:31  Zergling x2  
  100  9:32  Zergling x2  
  100  9:35  Zergling x2  
  100  9:36  Drone  
Tags
 
Add a new tag
Caveats
  • Supply blocks, unpowered buildings, or Contaminate may cause inaccurate times.
  • Supply counts are checked every 10 seconds.